[Event "Kragero Resort Title 2024"]
[Site "Kragero"]
[Date "2024.02.21"]
[Round "1.25"]
[White "Trost, Edvin"]
[Black "Pedersen, Max Moe"]
[Result "1-0"]
[ECO "D11"]
[WhiteElo "2434"]
[BlackElo "2027"]
[Annotator "RC"]
[PlyCount "41"]
[EventDate "2024.02.21"]
[EventType "swiss"]
[EventCountry "NOR"]
[SourceTitle "playchess.com"]
[Source "ChessBase"]
[SourceQuality "1"]
[TimeControl "5400+30"]

1. d4 d5 2. c4 c6 3. Nf3 Nf6 4. g3 Bf5 5. Nc3 e6 6. Nh4 dxc4 7. Nxf5 exf5 8. e3 Be7 9. Bxc4 O-O 10. Qf3 g6 11. h3 Qc8 12. Bd2 c5 13. Nd5 Nc6 14. dxc5 Ne4 15. b4 Rd8 16. Rd1 Bf8 17. Qe2 Ne5 18. Bc1 Nxc4 19. Qxc4 Qe6 20. g4 f4 21. Qxe4 1-0

[Event "Kragero Resort Title 2024"]
[Site "Kragero"]
[Date "2024.02.21"]
[Round "1.26"]
[White "Amundsen, Ask"]
[Black "Kirk, Ezra"]
[Result "0-1"]
[ECO "A05"]
[WhiteElo "2026"]
[BlackElo "2411"]
[Annotator "RC"]
[PlyCount "138"]
[EventDate "2024.02.21"]
[EventType "swiss"]
[EventCountry "NOR"]
[SourceTitle "playchess.com"]
[Source "ChessBase"]
[SourceQuality "1"]
[TimeControl "5400+30"]

1. Nf3 Nf6 2. g3 b5 3. Bg2 Bb7 4. Na3 a6 5. c4 b4 6. Nc2 e6 7. b3 Be7 8. Bb2 a5 9. O-O O-O 10. a3 Na6 11. axb4 Nxb4 12. Nxb4 Bxb4 13. Qc2 Be4 14. d3 Bb7 15. e4 d6 16. e5 Nd7 17. d4 Ra7 18. Rfd1 f6 19. exd6 cxd6 20. Qe2 e5 21. dxe5 fxe5 22. Ba3 Bxa3 23. Rxa3 Qb6 24. Ng5 Bxg2 25. Kxg2 Nc5 26. Qe3 Qb7+ 27. f3 Qb4 28. Rda1 Rb7 29. Rxa5 Qxb3 30. Qxb3 Rxb3 31. R5a3 Rb2+ 32. Kg1 h6 33. Nh3 Rc2 34. Rd1 Rb8 35. Nf2 Rbb2 36. Rf1 e4 37. fxe4 Nxe4 38. Ra8+ Kh7 39. Rf8 Rxc4 40. Nxe4 Rxe4 41. R1f2 Re1+ 42. Kg2 Ree2 43. Rxe2 Rxe2+ 44. Kh3 Kg6 45. Rd8 Re6 46. Kg4 Kf6 47. Rd7 g6 48. Kf4 g5+ 49. Kf3 Ke5 50. Ke3 Kf5+ 51. Kf3 g4+ 52. Kf2 Ke4 53. Rg7 h5 54. Ke2 d5 55. Rh7 Re5 56. Rf7 Rf5 57. Ra7 Rg5 58. Ra8 h4 59. gxh4 Rh5 60. Re8+ Kd4 61. Rg8 Rxh4 62. Kd1 Kd3 63. Ra8 Rxh2 64. Ra3+ Ke4 65. Ra4+ d4 66. Ra3 Rh3 67. Ra8 g3 68. Rg8 Kd3 69. Kc1 Ke2 0-1

[Event "Kragero Resort Title 2024"]
[Site "Kragero"]
[Date "2024.02.21"]
[Round "1.27"]
[White "Aayush Bhattacherjee"]
[Black "Persson, Sebastian"]
[Result "1/2-1/2"]
[ECO "B08"]
[WhiteElo "2410"]
[BlackElo "2024"]
[Annotator "RC"]
[PlyCount "38"]
[EventDate "2024.02.21"]
[EventType "swiss"]
[EventCountry "NOR"]
[SourceTitle "playchess.com"]
[Source "ChessBase"]
[SourceQuality "1"]
[TimeControl "5400+30"]

1. e4 d6 2. d4 Nf6 3. Nc3 g6 4. Nf3 c6 5. Be2 Bg7 6. O-O O-O 7. b3 Bg4 8. Bb2 Bxf3 9. Bxf3 e5 10. dxe5 dxe5 11. Qxd8 Rxd8 12. Rad1 Na6 13. Ba3 Bf8 14. Bxf8 Kxf8 15. a3 Nc5 16. b4 Ne6 17. Rxd8+ Rxd8 18. Rd1 Rxd1+ 19. Bxd1 Ke7 1/2-1/2

[Event "Kragero Resort Title 2024"]
[Site "Kragero"]
[Date "2024.02.21"]
[Round "1.28"]
[White "Tashkinova, Sofiia"]
[Black "Lu, Miaoyi"]
[Result "0-1"]
[ECO "B31"]
[WhiteElo "2016"]
[BlackElo "2369"]
[Annotator "RC"]
[PlyCount "86"]
[EventDate "2024.02.21"]
[EventType "swiss"]
[EventCountry "NOR"]
[SourceTitle "playchess.com"]
[Source "ChessBase"]
[SourceQuality "1"]
[TimeControl "5400+30"]

1. e4 c5 2. Nf3 Nc6 3. Bb5 g6 4. Bxc6 bxc6 5. O-O Bg7 6. Re1 Qc7 7. c3 d6 8. d3 Rb8 9. Nbd2 e5 10. Nf1 Ne7 11. Be3 f5 12. Bg5 Rxb2 13. Qc1 Rb8 14. Bh6 O-O 15. d4 Bxh6 16. Qxh6 fxe4 17. Rxe4 Nf5 18. Qg5 cxd4 19. cxd4 Rb4 20. Rae1 c5 21. Ne3 Bb7 22. Rg4 Bxf3 23. gxf3 Nxd4 24. Rxd4 Rxd4 25. Ng4 Rdf4 26. Re3 c4 27. Rc3 Qd8 28. Qh6 R8f5 29. Qh3 Qg5 30. Qg3 Rd4 31. Ne3 Qxg3+ 32. hxg3 Rxf3 33. Kg2 e4 34. Rc2 d5 35. Kf1 Rd3 36. Ke2 c3 37. Ke1 Rdxe3+ 38. fxe3 Rxe3+ 39. Kf2 Rf3+ 40. Kg2 d4 41. Re2 d3 42. Rxe4 d2 43. Rd4 Rf8 0-1

[Event "Kragero Resort Title 2024"]
[Site "Kragero"]
[Date "2024.02.21"]
[Round "1.29"]
[White "Carlsson, Ludvig"]
[Black "Platonovs, Nikolajs"]
[Result "0-1"]
[ECO "B90"]
[WhiteElo "2368"]
[BlackElo "1995"]
[Annotator "RC"]
[PlyCount "60"]
[EventDate "2024.02.21"]
[EventType "swiss"]
[EventCountry "NOR"]
[SourceTitle "playchess.com"]
[Source "ChessBase"]
[SourceQuality "1"]
[TimeControl "5400+30"]

1. e4 c5 2. Nf3 d6 3. d4 cxd4 4. Nxd4 Nf6 5. Nc3 a6 6. Bd2 e5 7. Nb3 Be6 8. f4 Qc7 9. f5 Bc4 10. Bxc4 Qxc4 11. Qe2 Qxe2+ 12. Kxe2 Nbd7 13. Bg5 b5 14. Bxf6 Nxf6 15. a4 b4 16. Nd5 Nxd5 17. exd5 Rc8 18. Kd3 Be7 19. c4 bxc3 20. bxc3 e4+ 21. Kxe4 Rxc3 22. Nd4 Bg5 23. Nf3 Be3 24. f6 O-O 25. g3 Re8+ 26. Kf5 h5 27. fxg7 Bh6 28. Rhf1 Rxf3+ 29. Rxf3 Re5+ 30. Kf6 Bg5# 0-1

[Event "Kragero Resort Title 2024"]
[Site "Kragero"]
[Date "2024.02.21"]
[Round "1.30"]
[White "Roubert, Emile"]
[Black "Vinter-Schou, Uffe"]
[Result "0-1"]
[ECO "B43"]
[WhiteElo "1989"]
[BlackElo "2354"]
[Annotator "RC"]
[PlyCount "52"]
[EventDate "2024.02.21"]
[EventType "swiss"]
[EventCountry "NOR"]
[SourceTitle "playchess.com"]
[Source "ChessBase"]
[SourceQuality "1"]
[TimeControl "5400+30"]

1. e4 c5 2. Nf3 e6 3. d4 cxd4 4. Nxd4 a6 5. Nc3 b5 6. Bd3 Bb7 7. O-O Nc6 8. Nxc6 Bxc6 9. Qe2 Bc5 10. Qg4 Nf6 11. Qg5 d6 12. a3 O-O 13. Bd2 Qb6 14. Qh4 Bd4 15. Nd1 Qb7 16. Re1 Rfe8 17. c3 Bb6 18. Bg5 Bd8 19. Re3 h6 20. Bxh6 Nxe4 21. Qg4 f5 22. Qg6 Qf7 23. Qxf7+ Kxf7 24. Bxe4 Bxe4 25. Bf4 e5 26. Bg3 Bc6 0-1

[Event "Kragero Resort Title 2024"]
[Site "Kragero"]
[Date "2024.02.21"]
[Round "1.31"]
[White "Reimanis, Ritvars"]
[Black "Ji, Jiahao Eric"]
[Result "1-0"]
[ECO "A46"]
[WhiteElo "2351"]
[BlackElo "1971"]
[Annotator "RC"]
[PlyCount "71"]
[EventDate "2024.02.21"]
[EventType "swiss"]
[EventCountry "NOR"]
[SourceTitle "playchess.com"]
[Source "ChessBase"]
[SourceQuality "1"]
[TimeControl "5400+30"]

1. d4 Nf6 2. Nf3 e6 3. Bg5 h6 4. Bxf6 Qxf6 5. e4 d5 6. e5 Qd8 7. c3 c5 8. Be2 Qb6 9. Qb3 Bd7 10. O-O Be7 11. Na3 O-O 12. Rfd1 Qxb3 13. axb3 a6 14. dxc5 Bxc5 15. b4 Be7 16. Nb5 Bxb5 17. Bxb5 Nc6 18. Bxc6 bxc6 19. Ra5 Rfb8 20. Rda1 Rb6 21. Nd4 Kf8 22. f4 Ke8 23. b3 Kd7 24. Kf2 Kc7 25. Ke2 g6 26. g4 Kb7 27. f5 exf5 28. gxf5 Re8 29. Kd3 Bg5 30. Re1 Bf4 31. e6 Bd6 32. Re2 Rf8 33. exf7 g5 34. Ne6 Rh8 35. Nc5+ Kc7 36. Re8 1-0

[Event "Kragero Resort Title 2024"]
[Site "Kragero"]
[Date "2024.02.21"]
[Round "1.32"]
[White "Berget, Eirik"]
[Black "Mkrtchyan, Mariam"]
[Result "0-1"]
[ECO "B08"]
[WhiteElo "1960"]
[BlackElo "2344"]
[Annotator "RC"]
[PlyCount "102"]
[EventDate "2024.02.21"]
[EventType "swiss"]
[EventCountry "NOR"]
[SourceTitle "playchess.com"]
[Source "ChessBase"]
[SourceQuality "1"]
[TimeControl "5400+30"]

1. e4 d6 2. d4 g6 3. Nf3 Bg7 4. Bc4 Nf6 5. Nc3 O-O 6. O-O Nxe4 7. Nxe4 d5 8. Bd3 dxe4 9. Bxe4 Nd7 10. c3 c5 11. Bf4 cxd4 12. cxd4 Nf6 13. Bc2 Be6 14. Bb3 Bd5 15. Be5 Rc8 16. Re1 e6 17. Qd3 Qa5 18. Rac1 Rfd8 19. Qd2 Qxd2 20. Nxd2 Bxb3 21. Nxb3 Nd5 22. Rxc8 Rxc8 23. Rc1 Rd8 24. Kf1 b6 25. Bxg7 Kxg7 26. Ke2 Rd7 27. g3 g5 28. Kd3 g4 29. a3 Ne7 30. Ke4 f5+ 31. Ke3 Nd5+ 32. Kd3 Nf6 33. Ke3 Ne4 34. f3 Nf6 35. Nd2 h5 36. f4 h4 37. Rc6 Nd5+ 38. Kd3 Kf6 39. Rc1 hxg3 40. hxg3 Rh7 41. Rg1 Rh3 42. Kc4 Rh2 43. Kd3 a5 44. a4 Nb4+ 45. Kc3 Rf2 46. Rd1 Nd5+ 47. Kb3 Rg2 48. Nf1 Rg1 49. Ka3 Nxf4 50. Ne3 Rxg3 51. Re1 Ng2 0-1

[Event "Kragero Resort Title 2024"]
[Site "Kragero"]
[Date "2024.02.21"]
[Round "1.33"]
[White "Unuk, Laura"]
[Black "Valvag, Torbjorn"]
[Result "1-0"]
[ECO "D12"]
[WhiteElo "2341"]
[BlackElo "1951"]
[Annotator "ChessBase"]
[PlyCount "49"]
[EventDate "2024.02.21"]
[EventType "swiss"]
[EventCountry "NOR"]
[SourceTitle "playchess.com"]
[Source "ChessBase"]
[SourceQuality "1"]
[TimeControl "5400+30"]

1. d4 d5 2. c4 c6 3. Nf3 Nf6 4. e3 Bf5 5. Nc3 e6 6. Nh4 Bg6 7. Nxg6 hxg6 8. Qc2 Nbd7 9. Bd2 Bd6 10. O-O-O Rxh2 11. Rxh2 Bxh2 12. g3 Ng4 13. Be1 Qg5 14. Bh3 Ndf6 15. Qe2 Bxg3 16. Bxg4 Nxg4 17. cxd5 Bc7 18. dxc6 bxc6 19. Qc4 O-O-O 20. Qxc6 Kb8 21. d5 exd5 22. Qb5+ Bb6 23. a4 Ka8 24. a5 Bc7 25. a6 1-0

[Event "Kragero Resort Title 2024"]
[Site "Kragero"]
[Date "2024.02.21"]
[Round "1.34"]
[White "Hestholm, Gustav"]
[Black "Vestby-Ellingsen, Mads"]
[Result "0-1"]
[ECO "B72"]
[WhiteElo "1942"]
[BlackElo "2338"]
[Annotator "RC"]
[PlyCount "161"]
[EventDate "2024.02.21"]
[EventType "swiss"]
[EventCountry "NOR"]
[SourceTitle "playchess.com"]
[Source "ChessBase"]
[SourceQuality "1"]
[TimeControl "5400+30"]

1. e4 c5 2. Nf3 d6 3. d4 cxd4 4. Nxd4 Nf6 5. Nc3 g6 6. Be3 Nc6 7. f3 h5 8. Qd2 Nxd4 9. Bxd4 Bh6 10. Be3 Bxe3 11. Qxe3 Qa5 12. Bc4 Be6 13. Bxe6 fxe6 14. O-O Nd7 15. Ne2 Qc5 16. Qxc5 Nxc5 17. c4 g5 18. Rfd1 b6 19. Nc3 e5 20. Nd5 Rc8 21. b3 Ne6 22. Kf2 Rf8 23. Rac1 g4 24. Ke3 gxf3 25. gxf3 Kd7 26. Rf1 Rf7 27. f4 exf4+ 28. Nxf4 Nxf4 29. Rxf4 Rxf4 30. Kxf4 Rg8 31. Kf3 Rg4 32. Rd1 Rh4 33. Rd2 Ke6 34. Ke3 Rh3+ 35. Kd4 Rf3 36. Re2 Rh3 37. Rd2 a5 38. Re2 Kd7 39. e5 Rh4+ 40. Kd3 dxe5 41. Rxe5 Rxh2 42. c5 b5 43. a4 Rh3+ 44. Kc2 Rh2+ 45. Kc3 Rh3+ 46. Kc2 bxa4 47. bxa4 Rh4 48. Kb3 Rb4+ 49. Ka3 h4 50. c6+ Kd6 51. Rxa5 Re4 52. Rc5 Kc7 53. Rc3 Rg4 54. Kb2 Rxa4 55. Re3 Kd6 56. Kb3 Ra8 57. Kc4 Rc8 58. Re4 Rxc6+ 59. Kd3 h3 60. Rd4+ Kc7 61. Re4 Kd7 62. Rh4 Ra6 63. Ke2 Ra2+ 64. Kf3 h2 65. Rh6 e6 66. Kg3 Kd6 67. Rh5 e5 68. Rh8 Kd5 69. Rh4 e4 70. Rh8 Kd4 71. Rd8+ Ke3 72. Rh8 Rf2 73. Rh7 Ke2 74. Rh8 e3 75. Rh7 Kf1 76. Ra7 e2 77. Ra1+ e1=Q 78. Rxe1+ Kxe1 79. Kg4 h1=Q 80. Kg5 Qg1+ 81. Kh5 0-1

[Event "Kragero Resort Title 2024"]
[Site "Kragero"]
[Date "2024.02.21"]
[Round "1.35"]
[White "Elmi, Saad Abobaker"]
[Black "Abramov, Artem"]
[Result "1-0"]
[ECO "C42"]
[WhiteElo "2323"]
[BlackElo "1931"]
[Annotator "RC"]
[PlyCount "58"]
[EventDate "2024.02.21"]
[EventType "swiss"]
[EventCountry "NOR"]
[SourceTitle "playchess.com"]
[Source "ChessBase"]
[SourceQuality "1"]
[TimeControl "5400+30"]

1. e4 e5 2. Nf3 Nf6 3. Nxe5 d6 4. Nf3 Nxe4 5. d4 d5 6. Bd3 Bd6 7. O-O O-O 8. c4 c6 9. Nc3 Nxc3 10. bxc3 dxc4 11. Bxc4 Bf5 12. Re1 Nd7 13. Bg5 Qa5 14. Nh4 Be6 15. Rxe6 Qxg5 16. Nf3 Bxh2+ 17. Nxh2 fxe6 18. Bxe6+ Kh8 19. Bxd7 Rad8 20. Bg4 c5 21. Bf3 cxd4 22. cxd4 Qf4 23. d5 h5 24. Qd3 Qe5 25. Rd1 Rd6 26. Nf1 Rdf6 27. Qe3 Qd6 28. Ng3 Rxf3 29. gxf3 h4 1-0

[Event "Kragero Resort Title 2024"]
[Site "Kragero"]
[Date "2024.02.21"]
[Round "1.36"]
[White "Tollefsen, Jacob"]
[Black "Haug, Havard"]
[Result "0-1"]
[ECO "D32"]
[WhiteElo "1909"]
[BlackElo "2322"]
[Annotator "RC"]
[PlyCount "102"]
[EventDate "2024.02.21"]
[EventType "swiss"]
[EventCountry "NOR"]
[SourceTitle "playchess.com"]
[Source "ChessBase"]
[SourceQuality "1"]
[TimeControl "5400+30"]

1. c4 e6 2. Nf3 d5 3. e3 c5 4. cxd5 exd5 5. d4 Nf6 6. Be2 Be7 7. O-O O-O 8. b3 Ne4 9. Bb2 Bf6 10. Nc3 Nc6 11. Rc1 cxd4 12. Nxd4 Nxd4 13. exd4 Bg5 14. Rc2 Bf5 15. Nxe4 Bxe4 16. Bd3 Bxd3 17. Qxd3 Qd7 18. Bc1 Bd8 19. Re1 Bb6 20. Rce2 Rfe8 21. h3 h6 22. Bb2 Bc7 23. Qf3 Rxe2 24. Rxe2 Re8 25. Bc1 Re6 26. Rxe6 Qxe6 27. Be3 a6 28. Bf4 Bb6 29. Qe3 Qe4 30. Qxe4 dxe4 31. Be3 f5 32. Kf1 g5 33. g3 Kf7 34. Ke2 Bc7 35. Bc1 Ke6 36. Kd2 Ba5+ 37. Ke2 Kd5 38. f4 Bd8 39. Ke3 gxf4+ 40. gxf4 Bf6 41. Bb2 Bh4 42. Ba3 h5 43. Bb4 Bg3 44. Ba5 Bh2 45. Bc7 Bg1+ 46. Ke2 Bxd4 47. a4 Bc5 48. Ba5 Kd4 49. b4 Bd6 50. Bb6+ Kc4 51. Ke3 Bxb4 0-1

[Event "Kragero Resort Title 2024"]
[Site "Kragero"]
[Date "2024.02.21"]
[Round "1.37"]
[White "Ternault, Mathieu"]
[Black "Solbu, Lasse Tveter"]
[Result "1-0"]
[ECO "A80"]
[WhiteElo "2303"]
[BlackElo "1896"]
[Annotator "ChessBase"]
[PlyCount "51"]
[EventDate "2024.02.21"]
[EventType "swiss"]
[EventCountry "NOR"]
[SourceTitle "playchess.com"]
[Source "ChessBase"]
[SourceQuality "1"]
[TimeControl "5400+30"]

1. d4 e6 2. Nf3 f5 3. Bg5 Be7 4. h4 Nf6 5. Nbd2 O-O 6. Bxf6 Bxf6 7. e4 fxe4 8. Nxe4 d5 9. Neg5 c5 10. Nxh7 Re8 11. Qd3 e5 12. Nxf6+ Qxf6 13. dxe5 Nc6 14. Qxd5+ Kh8 15. O-O-O Qf4+ 16. Qd2 Qa4 17. Qg5 Nb4 18. Bd3 Be6 19. a3 c4 20. Qh5+ Kg8 21. Qh7+ Kf8 22. Qh8+ Ke7 23. Qxg7+ Bf7 24. Bg6 Rf8 25. Qf6+ Ke8 26. Qe6# 1-0

[Event "Kragero Resort Title 2024"]
[Site "Kragero"]
[Date "2024.02.21"]
[Round "1.38"]
[White "Torosyan, Volodya"]
[Black "Xu, Yuanyuan"]
[Result "1-0"]
[ECO "B12"]
[WhiteElo "1889"]
[BlackElo "2292"]
[Annotator "RC"]
[PlyCount "69"]
[EventDate "2024.02.21"]
[EventType "swiss"]
[EventCountry "NOR"]
[SourceTitle "playchess.com"]
[Source "ChessBase"]
[SourceQuality "1"]
[TimeControl "5400+30"]

1. e4 c6 2. d4 d5 3. e5 Bf5 4. g4 Be4 5. f3 Bg6 6. e6 Qd6 7. exf7+ Bxf7 8. f4 h5 9. g5 e6 10. Bd3 Ne7 11. Nf3 Nd7 12. Ne5 Nxe5 13. fxe5 Qc7 14. Nc3 Bg6 15. Ne2 c5 16. O-O c4 17. Bxg6+ Nxg6 18. c3 Be7 19. Qc2 Nh4 20. Nf4 Kd7 21. Qf2 Qd8 22. Qxh4 Bxg5 23. Qg3 h4 24. Qg4 Bxf4 25. Bxf4 Qg8 26. Bg5 h3 27. Rf3 Rf8 28. Raf1 Rxf3 29. Qxf3 Ke8 30. b3 cxb3 31. axb3 Rh7 32. c4 g6 33. cxd5 exd5 34. Qf6 Rd7 35. e6 1-0

[Event "Kragero Resort Title 2024"]
[Site "Kragero"]
[Date "2024.02.21"]
[Round "1.39"]
[White "Kanyamarala, Tarun"]
[Black "Vasilijevic, Vili"]
[Result "1-0"]
[ECO "D00"]
[WhiteElo "2286"]
[BlackElo "1881"]
[Annotator "RC"]
[PlyCount "181"]
[EventDate "2024.02.21"]
[EventType "swiss"]
[EventCountry "NOR"]
[SourceTitle "playchess.com"]
[Source "ChessBase"]
[SourceQuality "1"]
[TimeControl "5400+30"]

1. d4 Nf6 2. Nc3 d5 3. Bf4 c6 4. e3 Bf5 5. f3 h5 6. Bd3 Bxd3 7. Qxd3 e6 8. Nge2 Na6 9. a3 Bd6 10. e4 Bxf4 11. Nxf4 Nd7 12. Qe3 Nb6 13. b3 Qe7 14. O-O O-O-O 15. exd5 cxd5 16. Nb5 Nc7 17. a4 a6 18. Nc3 g5 19. Nd3 Nd7 20. f4 gxf4 21. Qxf4 f6 22. Rae1 e5 23. Qf5 Kb8 24. Kh1 Rdf8 25. Nf4 Qg7 26. Nfxd5 Nxd5 27. Nxd5 Re8 28. dxe5 fxe5 29. Qf7 Rhg8 30. Qxg7 Rxg7 31. Rf5 Rh8 32. Re4 h4 33. Rf3 Rh6 34. Ne3 Rgh7 35. Nf5 Rh5 36. h3 Kc7 37. Rc4+ Kb8 38. Nd6 R5h6 39. Rc8+ Ka7 40. Ne4 Rg6 41. Rf2 Nb6 42. Re8 Nd7 43. Rd2 Kb6 44. Nd6 Kc7 45. Rc8+ Kb6 46. Rc4 Ka7 47. a5 Nb8 48. Nc8+ Ka8 49. Nb6+ Ka7 50. Rd8 Rc6 51. Rxc6 bxc6 52. Re8 Nd7 53. Nxd7 Rxd7 54. Rxe5 Rd4 55. Rc5 Kb7 56. Rc4 Rd5 57. b4 Rh5 58. Kh2 Kc7 59. Rc5 Rh6 60. g3 hxg3+ 61. Kxg3 Kd6 62. h4 Ke7 63. Re5+ Kf7 64. Re3 Rd6 65. Rd3 Rg6+ 66. Kf4 Rf6+ 67. Kg5 Rg6+ 68. Kh5 Re6 69. Rd7+ Kf6 70. Ra7 Re5+ 71. Kh6 Re4 72. h5 Re8 73. Kh7 Re5 74. h6 Re8 75. Rc7 Re6 76. Rc8 Kg5 77. Rg8+ Kh5 78. Ra8 Rxh6+ 79. Kg7 c5 80. bxc5 Rc6 81. Kf7 Kg5 82. Ke7 Kf5 83. Kd7 Rxc5 84. Rxa6 Rxc2 85. Rc6 Ra2 86. a6 Ke5 87. Kc7 Kd5 88. Kb7 Ra1 89. Rb6 Kc5 90. a7 Ra2 91. Rb1 1-0

[Event "Kragero Resort Title 2024"]
[Site "Kragero"]
[Date "2024.02.21"]
[Round "1.40"]
[White "Hammari, Vinjar"]
[Black "Grave, Jacob Templen"]
[Result "0-1"]
[ECO "B12"]
[WhiteElo "1875"]
[BlackElo "2273"]
[Annotator "ChessBase"]
[PlyCount "70"]
[EventDate "2024.02.21"]
[EventType "swiss"]
[EventCountry "NOR"]
[SourceTitle "playchess.com"]
[Source "ChessBase"]
[SourceQuality "1"]
[TimeControl "5400+30"]

1. e4 c6 2. d4 d5 3. e5 Bf5 4. Nf3 e6 5. Be2 c5 6. Be3 cxd4 7. Nxd4 Ne7 8. c4 Nbc6 9. Qa4 a6 10. Nc3 dxc4 11. Bf3 Rc8 12. Rd1 Bd3 13. b3 Nd5 14. Nxc6 Nxc3 15. Nxd8+ Nxa4 16. Rxd3 cxd3 17. bxa4 Rxd8 18. Bxb7 Bb4+ 19. Bd2 Bxd2+ 20. Kxd2 a5 21. Rc1 Ke7 22. Rc5 Rd7 23. Bc8 Ra7 24. Kxd3 Rd8+ 25. Ke3 Rd5 26. Rxd5 exd5 27. Kd4 Rc7 28. Bf5 Rc4+ 29. Kxd5 Rxa4 30. Bb1 Rb4 31. Be4 Rb2 32. a4 Ra2 33. f4 Rxa4 34. g4 Rb4 35. h4 a4 0-1

[Event "Kragero Resort Title 2024"]
[Site "Kragero"]
[Date "2024.02.21"]
[Round "1.41"]
[White "Shehzad, Shazil"]
[Black "Gasland, Lukas Dominik"]
[Result "1-0"]
[ECO "A05"]
[WhiteElo "2265"]
[BlackElo "1866"]
[Annotator "ChessBase"]
[PlyCount "77"]
[EventDate "2024.02.21"]
[EventType "swiss"]
[EventCountry "NOR"]
[SourceTitle "playchess.com"]
[Source "ChessBase"]
[SourceQuality "1"]
[TimeControl "5400+30"]

1. Nf3 d5 2. g3 Nf6 3. Bg2 g6 4. O-O Bg7 5. b3 O-O 6. Bb2 c5 7. d3 Nc6 8. Nbd2 b6 9. Ne5 Bb7 10. Ndf3 Nd7 11. Nxc6 Bxc6 12. Bxg7 Kxg7 13. Qe1 e5 14. e4 dxe4 15. Nd2 f5 16. dxe4 f4 17. Nc4 f3 18. Bh3 Qg5 19. Qc3 Rae8 20. Bxd7 Bxd7 21. Rfd1 Bc6 22. Rd6 Rf6 23. Qd3 Rxd6 24. Qxd6 Bxe4 25. Re1 Qf5 26. Qc7+ Kh6 27. Ne3 Qe6 28. Rd1 Re7 29. Qd8 Kg7 30. h3 Rf7 31. Kh2 Bf5 32. g4 Be4 33. Qb8 Qf6 34. Kg1 Re7 35. Rd8 Kh6 36. Rd6 Re6 37. Rxe6 Qxe6 38. Qf8+ Kg5 39. h4+ 1-0

[Event "Kragero Resort Title 2024"]
[Site "Kragero"]
[Date "2024.02.21"]
[Round "1.42"]
[White "Haugen, Lars Tormod"]
[Black "Doluhanova, Evgeniya"]
[Result "0-1"]
[ECO "A22"]
[WhiteElo "1847"]
[BlackElo "2263"]
[Annotator "RC"]
[PlyCount "114"]
[EventDate "2024.02.21"]
[EventType "swiss"]
[EventCountry "NOR"]
[SourceTitle "playchess.com"]
[Source "ChessBase"]
[SourceQuality "1"]
[TimeControl "5400+30"]

1. c4 e5 2. Nc3 Nf6 3. g3 d5 4. cxd5 Nxd5 5. Bg2 Nxc3 6. bxc3 c6 7. Nf3 Bd6 8. O-O O-O 9. d4 Nd7 10. e4 b6 11. a4 a5 12. Qc2 Qe7 13. Be3 c5 14. Rab1 Ba6 15. dxe5 Bxe5 16. c4 Qe6 17. Rbc1 h6 18. Nh4 Rac8 19. Rfd1 Bf6 20. Nf5 Ne5 21. Rd6 Qxc4 22. Rxf6 Qxc2 23. Rxc2 gxf6 24. Ne7+ Kh7 25. Nxc8 Rxc8 26. f4 Nc4 27. Bc1 Rd8 28. Kf2 Nd6 29. Bb2 Kg7 30. e5 fxe5 31. fxe5 Nf5 32. e6+ f6 33. Be4 Ne7 34. g4 Rd6 35. Bf5 Rd5 36. Be4 Bd3 37. Bxd3 Rxd3 38. h4 Kg6 39. Re2 Rd1 40. g5 hxg5 41. hxg5 Kxg5 42. Ke3 Kf5 43. Rf2+ Kxe6 44. Rxf6+ Kd7 45. Ke2 Rd6 46. Rf7 Ke6 47. Rg7 Nc6 48. Bc3 Nb4 49. Bd2 Kd5 50. Bxb4 axb4 51. Kd2 Kc4+ 52. Kc2 b3+ 53. Kb1 Kb4 54. Rg4+ c4 55. Rg1 c3 56. Ka1 Ka3 57. a5 c2 0-1

[Event "Kragero Resort Title 2024"]
[Site "Kragero"]
[Date "2024.02.21"]
[Round "1.43"]
[White "Arsejnijs Savichevs"]
[Black "Skramstad, Oda Kofoed"]
[Result "1/2-1/2"]
[ECO "B32"]
[WhiteElo "2259"]
[BlackElo "1780"]
[Annotator "RC"]
[PlyCount "166"]
[EventDate "2024.02.21"]
[EventType "swiss"]
[EventCountry "NOR"]
[SourceTitle "playchess.com"]
[Source "ChessBase"]
[SourceQuality "1"]
[TimeControl "5400+30"]

1. e4 c5 2. Nf3 Nc6 3. d4 cxd4 4. Nxd4 e5 5. Nb5 d6 6. N1c3 a6 7. Na3 Be7 8. Nc4 b5 9. Ne3 Nf6 10. Bd3 O-O 11. O-O Be6 12. Ncd5 Rc8 13. a4 Rb8 14. c3 Qc8 15. Qe2 Qb7 16. b4 Rfc8 17. Bd2 Na7 18. c4 Nc6 19. Nc2 bxc4 20. Bxc4 Ra8 21. Rfc1 Bd8 22. a5 Nd4 23. Nxd4 exd4 24. Rab1 h6 25. Bd3 Nd7 26. Rxc8 Qxc8 27. f4 Qb7 28. Qf2 Bxd5 29. exd5 Bf6 30. Qe2 Nf8 31. Rc1 Qxd5 32. Bxa6 Ne6 33. Bd3 Qb7 34. b5 Nc5 35. Bb1 g6 36. Qc4 Kg7 37. Bb4 Rc8 38. Ba2 Rc7 39. b6 Rd7 40. Qd5 d3 41. Qxb7 Rxb7 42. Bd5 Rb8 43. Bxc5 dxc5 44. a6 Bd4+ 45. Kf1 Rxb6 46. a7 Rb2 47. a8=Q Rf2+ 48. Ke1 d2+ 49. Kd1 Be3 50. Ra1 Rf1+ 51. Kc2 Rc1+ 52. Rxc1 dxc1=Q+ 53. Kd3 Qd2+ 54. Kc4 Qb4+ 55. Kd3 Qd4+ 56. Kc2 Qxf4 57. Qb7 Bd4 58. h3 Qf2+ 59. Kb3 Qf1 60. Qd7 Qb1+ 61. Kc4 Qb4+ 62. Kd3 Qc3+ 63. Ke2 Qc2+ 64. Ke1 Qf2+ 65. Kd1 Bc3 66. Bf3 c4 67. Qd5 Qa2 68. Be4 Bf6 69. Bc2 Qa1+ 70. Ke2 Qc3 71. Qd2 Qg3 72. Be4 c3 73. Qd5 Bh4 74. Qd4+ Kh7 75. Kd1 Bg5 76. Bf3 Qc7 77. Kc2 Bd2 78. Qf6 Qd7 79. Bc6 Qa7 80. Bd5 Kg8 81. Qxg6+ Kf8 82. Qd6+ Qe7 83. Qxe7+ Kxe7 1/2-1/2

[Event "Kragero Resort Title 2024"]
[Site "Kragero"]
[Date "2024.02.22"]
[Round "3.23"]
[White "Elmi, Saad Abobaker"]
[Black "Valvag, Torbjorn"]
[Result "1/2-1/2"]
[ECO "B31"]
[WhiteElo "2323"]
[BlackElo "1951"]
[Annotator "RC"]
[PlyCount "117"]
[EventDate "2024.02.21"]
[EventType "swiss"]
[EventCountry "NOR"]
[SourceTitle "playchess.com"]
[Source "ChessBase"]
[SourceQuality "1"]
[TimeControl "5400+30"]

1. e4 c5 2. Nf3 Nc6 3. Bb5 g6 4. O-O Bg7 5. Re1 e5 6. Bxc6 dxc6 7. d3 Qe7 8. a4 a5 9. Na3 Nf6 10. Nc4 Nd7 11. Be3 O-O 12. Qd2 b6 13. Bh6 Re8 14. Bxg7 Kxg7 15. Ne3 Nf8 16. Ra3 Qc7 17. h3 f6 18. Nh2 Ne6 19. Rf1 Nf4 20. h4 h5 21. f3 f5 22. Raa1 Qe7 23. Qf2 Rf8 24. exf5 gxf5 25. Rae1 Ba6 26. Kh1 Kh7 27. g3 Ng6 28. b3 f4 29. Ng2 fxg3 30. Qxg3 Qf6 31. Re4 Rg8 32. Qg5 Qxg5 33. hxg5 Raf8 34. Rg1 Bc8 35. Nh4 Nxh4 36. Rxh4 Kg6 37. Re4 Rf5 38. Rge1 Rxg5 39. Rxe5 Kf6 40. Rxg5 Rxg5 41. Nf1 Be6 42. Kh2 Re5 43. Ne3 Kg5 44. Kg3 h4+ 45. Kf2 Kf6 46. Rh1 Rh5 47. Ng2 Kg5 48. Re1 Rh6 49. Ne3 h3 50. Kg3 h2 51. f4+ Kf6 52. Rh1 Rh3+ 53. Kf2 Rh4 54. Nf1 Kf5 55. Ne3+ Kf6 56. Nf1 Kf5 57. Ne3+ Kf6 58. Nf1 Kf5 59. Ne3+ 1/2-1/2

[Event "Kragero Resort Title 2024"]
[Site "Kragero"]
[Date "2024.02.22"]
[Round "3.25"]
[White "De Seroux, Camille"]
[Black "Xu, Yuanyuan"]
[Result "1-0"]
[ECO "A00"]
[WhiteElo "2085"]
[BlackElo "2292"]
[Annotator "RC"]
[PlyCount "77"]
[EventDate "2024.02.21"]
[EventType "swiss"]
[EventCountry "NOR"]
[SourceTitle "playchess.com"]
[Source "ChessBase"]
[SourceQuality "1"]
[TimeControl "5400+30"]

1. Nc3 d5 2. e4 d4 3. Nce2 e5 4. Ng3 Nf6 5. Bc4 Nc6 6. d3 h5 7. h4 Na5 8. Bb3 Nxb3 9. axb3 Ng4 10. Nf3 Be7 11. Bd2 c5 12. Qe2 g6 13. Nf1 Bd7 14. Bg5 f6 15. Bd2 a5 16. N3h2 Nh6 17. Qf3 a4 18. bxa4 Rxa4 19. Rxa4 Bxa4 20. g4 Bxc2 21. gxh5 Qa8 22. Ng3 Qa1+ 23. Ke2 Qxb2 24. Kf1 gxh5 25. Kg2 Qb3 26. Ra1 Nf7 27. Nxh5 Rg8+ 28. Kh1 Qxd3 29. Nxf6+ Bxf6 30. Qxf6 Qxe4+ 31. f3 Qg6 32. Ng4 Kd7 33. Ra7 Rb8 34. Nxe5+ Nxe5 35. Qxe5 Qg8 36. Bf4 Kc6 37. Ra5 b6 38. Qd6+ Kb7 39. Qc7# 1-0